 Dungeon Crawl Stone Soup version 0.31.0-1-g2c135a0 (webtiles) character file.

Game seed: 12399490336997219306

41 edsrzf the Magician (level 3, -1/24 HPs)
             Began as a Mummy Alchemist on Jan 28, 2024.
             Slain by Robin
             ... wielding a +0 mace
              (5 damage)
             ... on level 2 of the Dungeon.
             The game lasted 00:02:58 (1071 turns).

edsrzf the Magician (Mummy Alchemist)               Turns: 1071, Time: 00:02:59

Health: -1/24      AC:  2    Str: 11    XL:     3   Next: 32%
Magic:  1/7        EV: 12    Int: 16    God:
Gold:   66         SH:  0    Dex: 12    Spells: 3/7 levels left

rFire   x . .        c - +0 dagger
rCold   + . .        (no shield)
rNeg    + + +        a - +0 robe
rPois   ∞            (no helmet)
rElec   .            (no cloak)
rCorr   .            (no gloves)
SInv    .            (no boots)
Will    .....        (no amulet)
Stlth   ++           (no ring)
HPRegen 0.24/turn    (no ring)
MPRegen 0.10/turn

%: faith
@: very slightly contaminated
A: cold resistance 1, negative energy resistance 3, torment resistance 2, heat
vulnerability 1, in touch with death 1, no potions, faith
a: no special abilities


You were on level 2 of the Dungeon.
You visited 1 branch of the dungeon, and saw 2 of its levels.

You collected 66 gold pieces.

Inventory:

Hand Weapons
 c - a +0 dagger (weapon)
Armour
 a - a +0 robe (worn)
Scrolls
 b - a scroll of amnesia
 e - a scroll of identify {@r1}


   Skills:
 - Level 1.5 Dodging
 - Level 1.5 Stealth
 + Level 2.9 Spellcasting
 - Level 2.4 Conjurations
 + Level 0.3 Air Magic
 - Level 2.4 Alchemy


You had 3 spell levels left.
You knew the following spells:

 Your Spells              Type           Power      Damage    Failure   Level
C - Mephitic Cloud        Conj/Alch/Air  7%         N/A       28%         3
X - Sting                 Conj/Alch      40%        1d5       7%          1

Your spell library contained the following spells:

 Spells                   Type           Power      Damage    Failure   Level
 Mercury Vapours          Alch/Air       12%        N/A       16%         2
 Olgreb's Toxic Radiance  Alch           10%        N/A       56%         4
 Sticky Flame             Fire/Alch      6%         2d4       75%         4


Dungeon Overview and Level Annotations

Branches:
Dungeon (2/15)

Altars:

Annotations:
D:2 Robin


Innate Abilities, Weirdness & Mutations

You are immune to poison.
Your flesh is cold resistant. (rC+)
You are immune to negative energy. (rN+++)
You are immune to unholy pain and torment.
You are vulnerable to heat. (rF-)
You are in touch with the powers of death.
You do not drink.
You have a special connection with the divine. (Faith)


Message History

The goblin hits you with a +0 dagger.
Casting: Sting (safe; 7% risk of failure)
Confirm with . or Enter, or press ? or * to list all spells.
The sting hits the goblin.
The goblin is poisoned.
The goblin is severely wounded.
The goblin hits you but does no damage.
Casting: Sting (safe; 7% risk of failure)
Confirm with . or Enter, or press ? or * to list all spells.
The sting misses the goblin.
You kill the goblin!
No target in view!
You see here a +0 dagger.
There is a stone staircase leading down here.
You see here a +0 dagger.
There is a stone staircase leading down here.
There is a stone staircase leading down here.
You climb downwards.
Level annotation: Robin
There is a stone staircase leading up here.
HP restored.
Magic restored.
You now have 66 gold pieces (gained 4).
Robin is nearby!
Casting: Sting (safe; 7% risk of failure)
Confirm with . or Enter, or press ? or * to list all spells.
You miscast Sting.
You are very lightly contaminated with residual magic.
Nothing appears to happen.
Robin roars a battlecry!
Casting: Sting (safe; 7% risk of failure)
Confirm with . or Enter, or press ? or * to list all spells.
The sting hits Robin.
Robin is poisoned.
Robin is moderately wounded.
The goblin shouts!
Robin throws the goblin at you! The goblin hits you with a +0 club.
The goblin hits you but does no damage.
Casting: Sting (safe; 7% risk of failure)
Confirm with . or Enter, or press ? or * to list all spells.
You miscast Sting.
Nothing appears to happen.
The goblin closely misses you.
Casting: Sting (safe; 7% risk of failure)
Confirm with . or Enter, or press ? or * to list all spells.
The sting misses the goblin.
The goblin hits you with a +0 club.
You are too injured to fight recklessly!
Unknown command.
Casting: Sting (safe; 7% risk of failure)
Confirm with . or Enter, or press ? or * to list all spells.
Aiming: Sting (safe; 7% risk of failure)
Press: ? - help, Shift-Dir - straight line, f/p - goblin
Aim: a goblin, wielding a +0 club (strong, 64% to hit)
The sting hits the goblin.
The goblin is poisoned.
You kill the goblin!
Casting: Sting (safe; 7% risk of failure)
Confirm with . or Enter, or press ? or * to list all spells.
Aiming: Sting (safe; 7% risk of failure)
Press: ? - help, Shift-Dir - straight line, f - Robin
Aim: Robin, wielding a +0 mace, wearing a +0 animal skin and wearing a +0 helmet (heavily wounded, poisoned, 79% to hit)
You miscast Sting.
Nothing appears to happen.
Robin looks more healthy.
Robin misses you.
Casting: Sting (safe; 7% risk of failure)
Confirm with . or Enter, or press ? or * to list all spells.
Aiming: Sting (safe; 7% risk of failure)
Press: ? - help, Shift-Dir - straight line, f/p - Robin
Aim: Robin, wielding a +0 mace, wearing a +0 animal skin and wearing a +0 helmet (heavily wounded, 79% to hit)
The sting misses Robin.
Robin hits you with a +0 mace.
Unknown command.
Unknown command.
You can't drink.
Unknown command.
As you read the scroll labelled HIKOENN TAISA, it crumbles to dust.
It is a scroll of identify.
b - a scroll of amnesia Robin closely misses you.
Throw: throwing net {=f}
Press: ? - help, Shift-Dir - straight line, f/p - Robin
Aim: Robin, wielding a +0 mace, wearing a +0 animal skin and wearing a +0 helmet (heavily wounded, 61% to hit)
You throw a throwing net {=f}.
The throwing net {=f} barely misses Robin.
Robin closely misses you.
Casting: Sting (safe; 7% risk of failure)
Confirm with . or Enter, or press ? or * to list all spells.
Aiming: Sting (safe; 7% risk of failure)
Press: ? - help, Shift-Dir - straight line, f/p - Robin
Aim: Robin, wielding a +0 mace, wearing a +0 animal skin and wearing a +0 helmet (heavily wounded, 79% to hit)
The sting hits Robin.
Robin is poisoned.
Robin is heavily wounded.
Robin hits you with a +0 mace.
* * * LOW HITPOINT WARNING * * *
You can't drink.
Unknown command.
Robin barely misses you.
Robin looks more healthy.
Press: ? - help, v - describe, . - travel
Here: Robin, wielding a +0 mace, wearing a +0 animal skin and wearing a +0 helmet (severely wounded)
The floor.
Robin attacks as they pursue you! Robin hits you with a +0 mace.
* * * LOW HITPOINT WARNING * * *
Robin attacks as they pursue you! Robin hits you with a +0 mace.
You die...
Robin says, "And that's why I'm the boss."

##########
.....g..(#
......##)#
#####
##.######
#.......#
#..####.#
#.....#.#
#...
#..#..#g#
#...
#....<#@#
+... #
##.####.#
#g..##.#
#.......#
...gg#.
#########
.g..g.
.g..g#
#g.<#
###g# #.#


You could see Robin.

Vanquished Creatures
  A dart slug (D:1)
  A ball python (D:1)
  3 endoplasms (D:1)
  5 goblins
  6 hobgoblins (D:1)
  3 jackals (D:1)
  2 quokkas (D:1)
  2 bats (D:1)
  3 frilled lizards (D:1)
  5 kobolds (D:1)
  3 rats (D:1)
34 creatures vanquished.

Notes
Turn   | Place    | Note
-------+----------+-------------------------------------------
     0 | D:1      | edsrzf the Mummy Alchemist began the quest for the Orb.
     0 | D:1      | Reached XP level 1. HP: 13/13 MP: 4/4
    35 | D:1      | Reached skill level 1 in Conjurations
   139 | D:1      | Reached XP level 2. HP: 19/19 MP: 1/5
   340 | D:1      | Reached skill level 2 in Conjurations
   577 | D:1      | Reached XP level 3. HP: 24/24 MP: 1/7
   637 | D:1      | Learned a level 3 spell: Mephitic Cloud
   985 | D:2      | Noticed Robin
  1061 | D:2      | Identified 2 scrolls of identify
  1061 | D:2      | Identified a scroll of amnesia
  1071 | D:2      | Slain by Robin

Illustrated notes

Levels and vault maps discovered:
D:1:      spicycebolla_arrival_clurvy, layout_rooms, dk_noncrumbling_3
D:2:      layout_basic, uniq_robin

Skill      XL: |  1  2 |
---------------+-------+-----
Conjurations   | 1 2 |  2.4
Dodging        | |  1.5
Stealth        | |  1.5
Spellcasting   | |  2.9
Air Magic      | |  0.3
Alchemy        | |  2.4

Action                     || total
---------------------------++-------
  Melee: Unarmed           ||     5
         Dagger            ||    26
  Throw: Throwing net      ||     3
   Cast: Sting             ||    57
    Use: Scroll            ||     1
 Armour: Robe              ||    30
  Dodge: Dodged            ||    37
